 Dungeon Crawl Stone Soup version 0.28.0-47-ge53b351184 (webtiles) character file.

Game seed: 9060511916347665541

89 NinjaNoafa the Slasher (level 4, -1/40 HPs)
             Began as a Minotaur Monk on May 2, 2022.
             Killed from afar by an orc wizard (5 damage)
             ... with a puff of flame
             ... on level 2 of the Dungeon.
             The game lasted 00:02:38 (1406 turns).

NinjaNoafa the Slasher (Minotaur Monk)              Turns: 1406, Time: 00:02:39

Health: -1/40      AC:  6    Str: 18    XL:     4   Next: 31%
Magic:  3/3        EV: 11    Int:  7    God:
Gold:   67         SH:  4    Dex: 12    Spells: 3/3 levels left

rFire   . . .      SeeInvis .   a - +0 falchion
rCold   . . .      Faith    .   b - +0 buckler
rNeg    . . .      Spirit   .   c - +0 ring mail
rPois   .          Reflect  .   (helmet restricted)
rElec   .          Harm     .   (no cloak)
rCorr   +          Rampage  .   (no gloves)
Will    .....                   e - +0 pair of boots
Stlth   +.........              (no amulet)
HPRegen 0.13/turn               f - ring of resist corrosion
MPRegen 0.08/turn               (no ring)

@: no status effects
A: horns 2, retaliatory headbutt
a: no special abilities


You were on level 2 of the Dungeon.
You visited 1 branch of the dungeon, and saw 3 of its levels.

You collected 67 gold pieces.

Inventory:

Hand Weapons
 a - a +0 falchion (weapon)
Armour
 b - a +0 buckler (worn)
 c - a +0 ring mail (worn)
 e - a +0 pair of boots (worn)
Jewellery
 f - a ring of resist corrosion (left hand)
Scrolls
 g - a scroll of identify


   Skills:
 - Level 4.1 Fighting
 - Level 4.1 Long Blades
 + Level 3.1 Armour
 - Level 3.2 Dodging
 - Level 1.5 Stealth
 + Level 2.0 Shields


You had 3 spell levels left.
You didn't know any spells.
Your spell library was empty.

Dungeon Overview and Level Annotations

Branches:
Dungeon (3/15)

Altars:

Shops:
D:1 *

Annotations:
D:2 Sigmund


Innate Abilities, Weirdness & Mutations

You have a pair of horns on your head.
You reflexively headbutt those who attack you in melee.


Message History

Okay, then.
Found a pair of runed boots.
The orc priest shouts!
You hear a shout!
The orc priest calls down the wrath of Beogh upon you.
Beogh smites you! The orc priest closely misses you.
You slash the orc priest!
The orc priest is heavily wounded.
The orc priest hits you with a +0 war axe.
* * * LOW HITPOINT WARNING * * *
The orc priest begins to cast a cantrip, but forgets the words!
You hit the orc priest but do no damage.
The orc priest is heavily wounded.
The orc priest looks braver for a moment.
You barely miss the orc priest.
The orc priest is heavily wounded.
The orc priest barely misses you. The orc wizard barely misses you.
You hit the orc priest. You headbutt the orc priest.
The orc priest is almost dead.
The orc priest begins to cast a cantrip, but forgets the words!
You hit the orc priest.
You kill the orc priest!
The orc wizard hits you with a +0 dagger.
* * * LOW HITPOINT WARNING * * *
Your Armour skill increases to level 3!
Your Shields skill increases to level 2!
You have reached level 4!
You feel stronger.
You hit the orc priest.
You headbutt the orc priest, but do no damage.
The orc priest is heavily wounded.
The orc priest hits you with a +0 mace.
* * * LOW HITPOINT WARNING * * *
You block the orc wizard's attack.
You hit the orc priest.
The orc priest is heavily wounded.
The orc priest hits you but does no damage.
The orc wizard casts a spell at you. The puff of flame hits you.
You die...

.......# #.# ####.###
#.# ####. .. #.# ..#. #.
#.# ... .. ... . ..
..##.# ### .... #..
..#.# #.. ....
#$.)##o#.#####.# #...
[...#o@)....##.# #...
#......##.##.# #...
..#...#.###.##.# #...
#.....†........#####...
....##.#)#......†.>....#
.......#........#.####.#
###########.#####.# #..
#.# #.####.. #..
..#.....


You could see an orc priest and an orc wizard.

Vanquished Creatures
  An orc priest (D:2)
  An adder (D:2)
  A worm (D:2)
  4 endoplasms
  2 giant cockroaches
  5 hobgoblins
  4 jackals (D:1)
  2 quokkas
  7 ball pythons (D:1)
  2 bats
  7 frilled lizards
  2 goblins
  7 kobolds
  2 rats (D:1)
47 creatures vanquished.

Notes
Turn   | Place    | Note
-------+----------+-------------------------------------------
     0 | D:1      | NinjaNoafa the Minotaur Monk began the quest for the Orb.
     0 | D:1      | Reached XP level 1. HP: 19/19 MP: 0/0
    72 | D:1      | Reached skill level 1 in Armour
    73 | D:1      | Reached XP level 2. HP: 27/27 MP: 1/1
   323 | D:1      | Reached XP level 3. HP: 30/33 MP: 2/2
   459 | D:1      | Found Egy Wom's Assorted Antiques.
   712 | D:2      | Noticed Sigmund
  1381 | D:2      | Reached skill level 1 in Shields
  1405 | D:2      | Reached XP level 4. HP: 5/40 MP: 3/3
  1406 | D:2      | Killed from afar by an orc wizard

Illustrated notes

Levels and vault maps discovered:
D:1:      wander_arrival_estate, layout_basic, serial_shops, shop_fountains,
          nicolae_figureground_sparkle
D:2:      cheibrodos_pilgrimage, layout_loops_cross, basic_altar,
          minmay_tromino_v4_c, uniq_sigmund
D:3:      layout_loops_cross, nicolae_uskayaw_en_pointe, grunt_dithmenos_smoke,
          hellmonk_ecumenical_altar_blasted, uniq_crazy_yiuf_cottage

Skill      XL: |  1  2  3 |
---------------+----------+-----
Armour         | 1 2 3 |  3.1
Fighting       | 4 |  4.1
Long Blades    | 4 |  4.1
Shields        | 2 |  2.0
Dodging        | |  3.2
Stealth        | |  1.5

Action                   |  1- 3 |  4- 6 || total
-------------------------+-------+-------++-------
Melee: Falchion          |    92 |     2 ||    94
       Headbutt          |    17 |     1 ||    18
  Use: Scroll            |     3 |       ||     3
       Potion            |     1 |       ||     1
Armor: Ring mail         |    40 |     1 ||    41
       Robe              |     1 |       ||     1
Dodge: Dodged            |    57 |       ||    57
Block: Buckler           |     7 |     1 ||     8
